AoeStats
← willrhyd

Black Forest

508494391Analyzed
4v4 RM · 9d ago on Sep 22, 2026· 41m 4s· 8 players
Game mode
Random Map
Map size
Large (8 player)
Population
200
Speed
Normal
Resources
Standard
Victory
Conquest
Starting age
Dark Age
Ending age
Imperial Age
RankedLock teamsTeams togetherTeam positionsShared explorationLock speedFull tech treeHidden civsTurbo modeCheats
Victory
Defeat
🇬🇧 Ethiopians · United Kingdom
1354
+15
🇨🇳 Varangians · China
1311
+17
🇧🇦 Danes · Bosnia & Herzegovina
1263
+19
🇧🇦 Varangians · Bosnia & Herzegovina
1263
+19
🇲🇽 Maya · Mexico
1429
-22
🇺🇸 Danes · United States
1305
-16
🇪🇨 Bohemians · Ecuador
1302
-16
🇲🇽 Celts · Mexico
1285
-16
I ONLY MAKE SKIRMS
0:38 Loom
13:05 Feudal Age
16:37 Castle Age
14:33 Double-Bit Axe
14:53 Horse Collar
17:56 Bow Saw
22:26 Wheelbarrow
21:41 Town Watch
22:00 Gold Mining
23:52 Hand Cart
29:11 Imperial Age
27:50 Masonry
28:11 Scale Mail Armor
28:21 Forging
28:02 Fletching
28:13 Stone Mining
29:00 Gold Shaft Mining
27:57 Man-at-Arms
28:24 Gambesons
29:59 Chain Mail Armor
30:19 Iron Casting
29:09 Long Swordsman
29:11 Pikeman
29:32 Onager
29:56 Halberdier
32:05 Plate Mail Armor
31:31 Bodkin Arrow
32:38 Siege Engineers
35:56 Blast Furnace
34:56 Bracer
34:29 Northmen's Fury
SimoniacJewel88
0:29 Loom
12:25 Feudal Age
17:57 Fletching
23:34 Castle Age
23:50 Double-Bit Axe
23:47 Horse Collar
24:00 Gold Mining
25:31 Bodkin Arrow
24:59 Crossbowman
25:21 Pikeman
30:24 Padded Archer Armor
32:15 Ballistics
33:31 Wheelbarrow
33:12 Thumb Ring
34:15 Town Watch
35:20 Leather Archer Armor
36:27 Town Patrol
Baham
5:48 Loom
11:38 Feudal Age
16:22 Castle Age
16:08 Double-Bit Axe
16:14 Horse Collar
34:27 Ballistics
34:26 Forging
36:03 Bow Saw
38:36 Wheelbarrow
[ECU] PALADINFRANCO
10:59 Feudal Age
15:45 Castle Age
14:30 Double-Bit Axe
14:30 Horse Collar
17:14 Wheelbarrow
20:14 Fervor
23:13 Bow Saw
25:40 Heavy Plow
27:47 Hand Cart
30:18 Imperial Age
27:34 Loom
29:34 Chemistry
28:14 Pikeman
29:32 Forging
29:23 Scale Mail Armor
30:18 Squires
30:06 Arson
30:32 Houfnice
31:03 Man-at-Arms
31:04 Halberdier
33:11 Chain Mail Armor
33:31 Iron Casting
33:27 Siege Engineers
37:36 Conscription
byBELMO!
4:24 Loom
12:32 Feudal Age
13:40 Double-Bit Axe
13:39 Horse Collar
16:34 Castle Age
17:58 Bow Saw
18:44 Heavy Plow
22:14 Wheelbarrow
23:56 Gold Mining
23:56 Stone Mining
24:45 Hand Cart
25:18 Stone Mining
28:17 Stone Shaft Mining
30:26 Imperial Age
28:46 Scale Barding Armor
28:52 Forging
30:06 Chain Barding Armor
30:34 Bloodlines
30:25 Husbandry
31:52 Plate Barding Armor
31:53 Iron Casting
33:46 Conscription
32:48 Elite Jarl
32:50 Gothikon
35:22 Blast Furnace
38:47 Fletching
willrhyd
5:17 Loom
10:53 Feudal Age
10:59 Man-at-Arms
16:43 Double-Bit Axe
23:36 Castle Age
21:57 Gold Mining
22:01 Fletching
23:44 Padded Archer Armor
23:47 Crossbowman
24:23 Bodkin Arrow
24:55 Horse Collar
28:12 Wheelbarrow
27:45 Thumb Ring
29:22 Masonry
29:46 Ballistics
29:51 Leather Archer Armor
34:27 Bow Saw
38:30 Imperial Age
39:36 Bracer
40:39 Chemistry
39:00 Arbalester
41:45 Conscription
Suke
12:15 Feudal Age
13:13 Double-Bit Axe
13:11 Horse Collar
15:53 Castle Age
17:32 Bow Saw
17:33 Heavy Plow
21:33 Wheelbarrow
28:23 Imperial Age
26:06 Gold Mining
26:08 Stone Mining
27:32 Hand Cart
27:02 Loom
27:03 Town Watch
29:16 Gold Shaft Mining
29:20 Stone Shaft Mining
28:30 Onager
29:23 Forging
29:13 Scale Mail Armor
29:32 Capped Ram
30:25 Siege Engineers
30:08 Elite Varangian Guard
30:33 Siege Onager
32:20 Iron Casting
32:00 Chain Mail Armor
31:36 Northmen's Fury
32:40 Conscription
34:25 Blast Furnace
33:29 Squires
33:16 Arson
33:49 Siege Ram
40:15 Plate Mail Armor
默默发育
11:14 Feudal Age
14:54 Castle Age
13:53 Double-Bit Axe
15:46 Bloodlines
18:35 Forging
26:30 Horse Collar
27:04 Scale Barding Armor
27:33 Husbandry
29:09 Heavy Plow
29:49 Wheelbarrow
29:35 Gold Mining
32:31 Iron Casting
33:38 Bow Saw
36:21 Imperial Age
35:35 Chain Barding Armor
36:12 Coinage
36:15 Hand Cart
35:52 Town Watch
36:04 Loom
36:22 Cavalier
37:25 Conscription
38:09 Blast Furnace
38:08 Banking
40:16 Plate Barding Armor
Connection lost

Rejoining the realm…

Still unreachable

The connection could not be restored.

Session expired

The server has moved on; the page needs a fresh start.